Construct Section Command Post
Selects Australian Defense Battlegroup
Selects Australian Light Infantry Section
Australian Light Infantry Section
Australian Light Infantry Section
Selects Defensive Tactics
Construct Platoon Command Post
Unlock Bishop Self-propelled Artillery
Bishop Self-propelled Artillery
Selects CMP 15cwt Supply Run
6-pounder Anti-tank Gun Team
Selects Reinforced Resource Caches
Bishop Self-propelled Artillery
Construct Company Command Post
Selects Vehicle Over Repair
Selects Charged Creeping Barrage
Unlock Towed 17-pounder Anti-tank Guns
17-pounder Anti-tank Gun Team
Bishop Self-propelled Artillery
6-pounder Anti-tank Gun Team
6-pounder Anti-tank Gun Team
Australian Light Infantry Section